 Dungeon Crawl Stone Soup version 0.31.0-10-gcf4a605ca0 (webtiles) character file.

Game seed: 17804814927291712481

264 ProzacElf the Slasher (level 6, -4/43 HPs)
             Began as a Djinni Gladiator on Jan 26, 2024.
             Killed by nerve-wracking pain
             ... invoked by Grinder
              (6 damage)
             ... on level 5 of the Dungeon.
             The game lasted 00:04:32 (1848 turns).

ProzacElf the Slasher (Djinni Gladiator)            Turns: 1848, Time: 00:04:33

Health: -4/43      AC:  4    Str: 13    XL:     6   Next: 43%
Gold:   80         EV: 14    Int:  9    God:
                   SH:  0    Dex: 17

rFire   + + .        a - +0 long sword
rCold   x . .        (no shield)
rNeg    . . .        b - +0 leather armour
rPois   ∞            c - +0 helmet
rElec   .            (no cloak)
rCorr   .            (no gloves)
SInv    .            (boots unavailable)
Will    .....        j - amulet of the acrobat
Stlth   +            h - ring of wizardry
HPRegen 0.27/turn    (no ring)
MPRegen 0.00/turn

%: acrobat, wizardry (x1), infuse magic (-5 HP)
@: brilliant, flying
A: sickness immunity, fire resistance 2, cold vulnerability 1, float, innate
caster, HP casting, extra vitality 1
a: no special abilities


You were on level 5 of the Dungeon.
You visited 1 branch of the dungeon, and saw 4 of its levels.

You collected 80 gold pieces.

Inventory:

Hand Weapons
 a - a +0 long sword (weapon)
Missiles
 d - a throwing net (quivered)
 e - a javelin
 k - 4 poisoned darts
 l - 6 atropa-tipped darts
Armour
 b - a +0 leather armour (worn)
 c - a +0 helmet (worn)
Jewellery
 h - a ring of wizardry (left hand)
 j - an amulet of the acrobat (around neck)
Talismans
 i - a blade talisman
Wands
 v - a wand of mindburst (7)
Scrolls
 g - 4 scrolls of identify {unknown}
 n - a scroll of blinking {unknown}
 o - a scroll of vulnerability {unknown}
 p - a scroll of noise {unknown}
 t - a scroll of teleportation {unknown}
Potions
 u - a potion of might {unknown}


   Skills:
 - Level 2.0 Fighting
 + Level 5.1 Long Blades
 - Level 2.0 Throwing
 - Level 5.0 Dodging


You knew the following spells:

 Your Spells              Type           Power      Damage    Failure   Level
a - Magic Dart            Conj           0%         1d3       21%         1
b - Scorch                Fire           0%         2d5       30%         2
Your spell library was empty.

Dungeon Overview and Level Annotations

Branches:
Dungeon (3/15)

Altars:

Annotations:
D:5 Grinder


Innate Abilities, Weirdness & Mutations

You are immune to sickness and miasma.
You are immune to poison.
Your flesh is very heat resistant. (rF++)
You are vulnerable to cold. (rC-)
You float through the air rather than walking.
You learn spells naturally, not from books.
Your magical power is your life essence.
You have superior vitality. (+4 MHP)


Message History

Tha ufetubus closely misses ye.
Tha ufetubus hits ye but does nay damage.
Grinder struggles against tha net.
Tha net rips apart, an' Grinder comes free!
Ye take 3 damage, an' haf 7/43 hp.
It was a potion o' curin'.
Ye feel better.
Tha ufetubus misses ye.
Tha ufetubus hits ye.
Grinder hits ye!
* * * LOW HITPOINT WARNIN'
* * * Ye writha in agony.
* * * LOW HITPOINT WARNIN'
* * * Tha ufetubus hits ye.
* * * LOW HITPOINT WARNIN'
* * * Tha ufetubus closely misses ye.
Ye take 2 damage, an' haf 5/43 hp.
It was a potion o' 'nlightenmn't.
Ye feel more buoyant.
Tha ufetubus hits ye.
* * * LOW HITPOINT WARNIN'
* * * Tha ufetubus barely misses ye.
Grinder closely misses ye.
It was a potion o' cancellation.
Yer magical effects be unravellin'.
Ye feel magic'lly purged.
Yer 'nlightenmn't fades.
An orc wizard appears from thin air!
Tha ufetubus barely misses ye.
Tha ufetubus closely misses ye.
Grinder barely misses ye.
Tha ufetubus hits ye.
* * * LOW HITPOINT WARNIN'
* * * Tha ufetubus closely misses ye.
Ye take 3 damage, an' haf 2/43 hp.
It was a potion o' magic.
Magic washes o'er ye without effect.
Tha ufetubus hits ye but does nay damage. x2
Grinder barely misses ye.
It was a potion o' brilliance.
Ye feel cle'er all o' a sudd'n.
Tha ufetubus hits ye.
* * * LOW HITPOINT WARNIN'
* * * Tha ufetubus misses ye.
Grinder gestures at ye.
Pain shoots through yer body!
Ye die...
Grinder sighs, "Dead already?
I want a refund."

##...##...#
#.....#...#
#.....#...#
#.....#...#
#.....#...#
#.....#...#
#.....#...#
#...5)# ####@##
#5#
.5....5oo......
...............
...............
...............
.......$.......
(..............
.....##...##$..


You could see Grinder, an orc wizard, 2 ufetubi and an orc.

Vanquished Creatures
  An ogre (D:2)
  An iguana (D:5)
  An orc wizard (D:5)
  4 gnolls (D:2)
  2 adders
  2 dart slugs
  2 orcs
  5 endoplasms
  2 giant cockroaches
  5 goblins
  4 hobgoblins
  4 quokkas
  5 ball pythons
  A bat (D:1)
  4 frilled lizards
  7 kobolds
  6 rats
56 creatures vanquished.

Vanquished Creatures (others)
  An orc wizard (D:5)
1 creature vanquished.

Grand Total: 57 creatures vanquished

Notes
Turn   | Place    | Note
-------+----------+-------------------------------------------
     0 | D:1      | ProzacElf the Djinni Gladiator began the quest for the Orb.
     0 | D:1      | Reached XP level 1. HP: 18/18 MP: 0/0
   148 | D:1      | Reached XP level 2. HP: 19/23 MP: 0/0
   500 | D:1      | Reached XP level 3. HP: 28/28 MP: 0/0
   500 | D:1      | Learned a level 1 spell: Magic Dart
   903 | D:2      | Reached XP level 4. HP: 31/33 MP: 0/0
  1312 | D:2      | Noticed an ogre
  1329 | D:2      | Killed an ogre
  1330 | D:2      | Reached skill level 5 in Dodging
  1330 | D:2      | Reached XP level 5. HP: 32/38 MP: 0/0
  1330 | D:2      | Learned a level 2 spell: Scorch
  1705 | D:3      | Reached XP level 6. HP: 32/43 MP: 0/0
  1771 | D:3      | You are sucked into a shaft and drop 2 floors!
  1771 | D:5      | Entered Level 5 of the Dungeon
  1806 | D:5      | Noticed Grinder
  1817 | D:5      | Reached skill level 5 in Long Blades
  1846 | D:5      | HP: 2/43 [ufetubus (3)]
  1848 | D:5      | Killed from afar by Grinder

Illustrated notes

Levels and vault maps discovered:
D:1:      ncdulo_watergridlock, layout_loops_ring
D:2:      minmay_angry_zag, layout_rooms
D:3:      layout_rooms, tgw_kikubaaqudgha, kennysheep_donut
D:5:      layout_gridville, lemuel_tele_altar, uniq_grinder, uniq_sigmund

Skill      XL: |  1  2  3  4  5  6 |
---------------+-------------------+-----
Long Blades    | 3 4 5 |  5.1
Throwing       | 2 |  2.0
Dodging        | 4 5 |  5.0
Fighting       | |  2.0

Action                     |  1- 3 |  4- 6 || total
---------------------------+-------+-------++-------
  Melee: Long sword        |    59 |   125 ||   184
         Punch             |     2 |     3 ||     5
  Throw: Throwing net      |       |     2 ||     2
    Use: Potion            |       |     5 ||     5
   Stab: Sleeping          |       |     2 ||     2
         Held in net/web   |       |     1 ||     1
 Armour: Leather armour    |    24 |    74 ||    98
  Dodge: Dodged            |    35 |   112 ||   147

Action                     |  1- 3 |  4- 6 || total
---------------------------+-------+-------++-------
  Melee: Long sword        |    59 |   125 ||   184
         Punch             |     2 |     3 ||     5
  Throw: Throwing net      |       |     2 ||     2
    Use: Potion            |       |     5 ||     5
   Stab: Sleeping          |       |     2 ||     2
         Held in net/web   |       |     1 ||     1
 Armour: Leather armour    |    24 |    74 ||    98
  Dodge: Dodged            |    35 |   112 ||   147

Levels and vault maps discovered:
D:1:      ncdulo_watergridlock, layout_loops_ring
D:2:      minmay_angry_zag, layout_rooms
D:3:      layout_rooms, tgw_kikubaaqudgha, kennysheep_donut
D:5:      layout_gridville, lemuel_tele_altar, uniq_grinder, uniq_sigmund
